[Event "Romanian-ch Open 2022"]
[Site "Eforie Nord"]
[Date "2022.02.20"]
[Round "1.29"]
[White "Visanescu, Dragos-Nicholas"]
[Black "Martian, Dragos-Daniel"]
[Result "0-1"]
[ECO "B40"]
[WhiteElo "1781"]
[BlackElo "2270"]
[Annotator "ChessBase"]
[PlyCount "68"]
[EventDate "2022.02.20"]
[EventType "swiss"]
[EventCountry "ROU"]
[SourceTitle "playchess.com"]
[Source "ChessBase"]
[SourceQuality "1"]
[TimeControl "40/5400+30:900+30"]

1. e4 c5 2. Nf3 e6 3. c3 d5 4. e5 d4 5. Bd3 Nc6 6. O-O Nge7 7. Na3 Nd5 8. Nc2 Nf4 9. Bb5 d3 10. Bxc6+ bxc6 11. Ne3 Qa5 12. c4 Be7 13. g3 Ne2+ 14. Kg2 O-O 15. Qb3 Rd8 16. Ne1 Qb4 17. Qd1 Qb8 18. Nxd3 Nxc1 19. Nxc1 Qxb2 20. Nb3 Qxe5 21. Qc2 Qd6 22. Qe4 Bf6 23. Rab1 a5 24. a4 g6 25. Rfd1 e5 26. Kh1 Bg7 27. g4 Be6 28. Qf3 Rdb8 29. Qe4 Rb4 30. Qc2 Bxc4 31. Kg1 Bd3 32. Qa2 Bxb1 33. Rxb1 Rab8 34. Nd1 Qe6 0-1

[Event "Romanian-ch Open 2022"]
[Site "Eforie Nord"]
[Date "2022.02.20"]
[Round "1.30"]
[White "Filip, Andrei"]
[Black "Chis, Bogdan-Vasile"]
[Result "1-0"]
[ECO "B03"]
[WhiteElo "2216"]
[BlackElo "1685"]
[Annotator "NA"]
[PlyCount "111"]
[EventDate "2022.02.20"]
[EventType "swiss"]
[EventCountry "ROU"]
[SourceTitle "playchess.com"]
[Source "ChessBase"]
[SourceQuality "1"]
[TimeControl "40/5400+30:900+30"]

1. e4 Nf6 2. e5 Nd5 3. d4 d6 4. c4 Nb6 5. f4 dxe5 6. fxe5 c5 7. d5 e6 8. Nc3 exd5 9. cxd5 c4 10. Nf3 Bb4 11. Bxc4 Bxc3+ 12. bxc3 Nxc4 13. Qa4+ Nd7 14. Qxc4 Nb6 15. Qb5+ Qd7 16. Qxd7+ Bxd7 17. d6 Rc8 18. Bd2 O-O 19. O-O Nd5 20. Rfc1 Rc4 21. Rab1 b6 22. Rb3 Re8 23. Rd1 f6 24. Be1 Nf4 25. exf6 gxf6 26. Rb4 Rxb4 27. cxb4 Re2 28. Rd2 (28. Bg3 $5 Ne6 29. Nd4 Nxd4 30. Rxd4 $14) 28... Rxd2 29. Bxd2 Nd3 30. Nd4 Kf7 31. b5 Nc5 32. Bb4 Nd3 33. Ba3 Ne5 34. Kf2 Ke8 35. Kg3 Bc8 36. Kh4 Bb7 37. g3 Nf3+ 38. Nxf3 Bxf3 39. Bb4 h5 40. a4 Kd7 41. h3 $11 Bd1 42. a5 bxa5 43. Bc5 a4 44. Bxa7 Kxd6 45. Bd4 Ke6 46. Bb2 f5 47. Kg5 Kd5 48. Ba3 Kc4 49. b6 Bf3 50. Kxf5 Kb3 51. Bd6 a3 52. Kf4 Bg2 53. Kg5 a2 54. Be5 Kc4 55. Kxh5 Kd5 56. b7 1-0

[Event "Romanian-ch Open 2022"]
[Site "Eforie Nord"]
[Date "2022.02.21"]
[Round "2.10"]
[White "Stoleriu, George"]
[Black "Magold, Filip"]
[Result "1-0"]
[ECO "A30"]
[WhiteElo "2419"]
[BlackElo "2204"]
[Annotator "ChessBase"]
[PlyCount "167"]
[EventDate "2022.02.20"]
[EventType "swiss"]
[EventCountry "ROU"]
[SourceTitle "playchess.com"]
[Source "ChessBase"]
[SourceQuality "1"]
[TimeControl "40/5400+30:900+30"]

1. Nf3 Nf6 2. c4 e6 3. b3 c5 4. Bb2 b6 5. g3 Bb7 6. Bg2 Be7 7. O-O O-O 8. Nc3 d6 9. e3 Nbd7 10. Rc1 a6 11. Qe2 Re8 12. Rfd1 Qc7 13. d4 Bf8 14. Nd2 Rab8 15. Nce4 Nxe4 16. Nxe4 Bxe4 17. Bxe4 g6 18. Bg2 Bg7 19. dxc5 bxc5 20. Bxg7 Kxg7 21. Qd2 Rb6 22. Qa5 e5 23. Rd2 e4 24. Rcd1 Nf6 25. h4 Re5 26. Bh3 h6 27. Rxd6 Rxd6 28. Qxc7 Rxd1+ 29. Kg2 Re8 30. Qxc5 Rd2 31. Qa5 Rc2 32. g4 Nd7 33. Qd5 Ne5 34. Qxe4 Rd2 35. g5 h5 36. Qf4 Nd3 37. Qd4+ Kg8 38. Kg1 Ne5 39. Qc3 Rxa2 40. Kg2 a5 41. c5 a4 42. b4 a3 43. c6 Nxc6 44. Bd7 Rd8 45. Bxc6 Rdd2 46. b5 Rxf2+ 47. Kg3 Rfc2 48. Qe5 Rab2 49. Bd5 Rf2 50. b6 Rf5 51. Qd6 Kg7 52. b7 a2 53. Qa3 Rb5 54. Qxa2 Rfxd5 55. b8=Q Rxg5+ 56. hxg5 Rxb8 57. Qa4 Rb1 58. Qd4+ Kg8 59. Qd8+ Kg7 60. Qf6+ Kg8 61. Kf2 Rb8 62. Qe7 Ra8 63. Qd7 Kg7 64. Qc6 Ra2+ 65. Kf3 Kg8 66. Qc8+ Kg7 67. e4 Ra3+ 68. Kf4 Ra4 69. Qc6 Ra2 70. Qc4 Ra8 71. Qc6 Ra2 72. Qc3+ Kg8 73. Ke5 Kg7 74. Kd6+ Kg8 75. Qc8+ Kg7 76. Qc4 Ra8 77. Qd4+ Kg8 78. Ke7 Rc8 79. Qd7 Rb8 80. e5 Kg7 81. Qd5 Rf8 82. Qd4 h4 83. e6+ Kg8 84. Qf6 1-0

[Event "Romanian-ch Open 2022"]
[Site "Eforie Nord"]
[Date "2022.02.21"]
[Round "2.12"]
[White "Ciocani, Iosif"]
[Black "Filip, Lucian-Ioan"]
[Result "1/2-1/2"]
[ECO "B33"]
[WhiteElo "1876"]
[BlackElo "2391"]
[Annotator "ChessBase"]
[PlyCount "38"]
[EventDate "2022.02.20"]
[EventType "swiss"]
[EventCountry "ROU"]
[SourceTitle "playchess.com"]
[Source "ChessBase"]
[SourceQuality "1"]
[TimeControl "40/5400+30:900+30"]

1. e4 c5 2. Nf3 Nc6 3. d4 cxd4 4. Nxd4 Qb6 5. Nb3 Nf6 6. Nc3 e6 7. Qe2 Bb4 8. Bd2 O-O 9. a3 Be7 10. O-O-O d5 11. exd5 Nxd5 12. g3 Nxc3 13. Bxc3 Rd8 14. Bg2 Bd7 15. f4 Be8 16. Be4 Rxd1+ 17. Rxd1 Rd8 18. Rf1 Qc7 19. Kb1 Bf8 1/2-1/2

[Event "Romanian-ch Open 2022"]
[Site "Eforie Nord"]
[Date "2022.02.21"]
[Round "2.13"]
[White "Toma, Radu-Cristian"]
[Black "Antal, Hunor-Zoltan"]
[Result "1-0"]
[ECO "A47"]
[WhiteElo "2388"]
[BlackElo "2172"]
[Annotator "ChessBase"]
[PlyCount "65"]
[EventDate "2022.02.20"]
[EventType "swiss"]
[EventCountry "ROU"]
[SourceTitle "playchess.com"]
[Source "ChessBase"]
[SourceQuality "1"]
[TimeControl "40/5400+30:900+30"]

1. d4 Nf6 2. Nf3 e6 3. Bg5 c5 4. e3 b6 5. Bd3 Bb7 6. O-O cxd4 7. exd4 Be7 8. Re1 O-O 9. Nbd2 d6 10. a4 a6 11. Qe2 Nbd7 12. Nf1 Re8 13. Rad1 Qc8 14. Ne3 Bc6 15. b3 Qb7 16. c4 Be4 17. Bxe4 Nxe4 18. Bxe7 Nc3 19. Qd3 Nxd1 20. Ng5 g6 21. Bxd6 Nxe3 22. Qxe3 Qc6 23. Qf4 f6 24. Nxe6 Nf8 25. Qxf6 Nxe6 26. Be5 Rf8 27. Qh8+ Kf7 28. Qxh7+ Ke8 29. d5 Qd7 30. Qxg6+ Kd8 31. dxe6 Qd2 32. e7+ Kd7 33. exf8=N+ 1-0

[Event "Romanian-ch Open 2022"]
[Site "Eforie Nord"]
[Date "2022.02.21"]
[Round "2.17"]
[White "Cosma, Ioan"]
[Black "Serban, Cristian-Stefan"]
[Result "1-0"]
[ECO "E01"]
[WhiteElo "2396"]
[BlackElo "2090"]
[Annotator "ChessBase"]
[PlyCount "63"]
[EventDate "2022.02.20"]
[EventType "swiss"]
[EventCountry "ROU"]
[SourceTitle "playchess.com"]
[Source "ChessBase"]
[SourceQuality "1"]
[TimeControl "40/5400+30:900+30"]

1. d4 d5 2. c4 e6 3. Nf3 c6 4. Qc2 Nf6 5. g3 Nbd7 6. Bg2 Bd6 7. O-O O-O 8. Nbd2 Qe7 9. Re1 b6 10. e4 dxe4 11. Nxe4 Nxe4 12. Qxe4 Bb7 13. Qc2 h6 14. a3 Qf6 15. Bd2 c5 16. dxc5 Bxg3 17. hxg3 Bxf3 18. Bc3 e5 19. Bxf3 Qxf3 20. cxb6 axb6 21. Rad1 Rad8 22. Rd6 Nf6 23. Qd1 Qa8 24. Bxe5 Rxd6 25. Qxd6 Rd8 26. Qxb6 Ng4 27. Bc3 Rd3 28. Qb5 Qf3 29. Qe8+ Kh7 30. Qe4+ f5 31. Qxf3 Rxf3 32. Re2 1-0

[Event "Romanian-ch Open 2022"]
[Site "Eforie Nord"]
[Date "2022.02.21"]
[Round "2.18"]
[White "Secheres, Adrian-Simion"]
[Black "Coicev, Matei-Andrei"]
[Result "1/2-1/2"]
[ECO "E75"]
[WhiteElo "2363"]
[BlackElo "1970"]
[Annotator "ChessBase"]
[PlyCount "70"]
[EventDate "2022.02.20"]
[EventType "swiss"]
[EventCountry "ROU"]
[SourceTitle "playchess.com"]
[Source "ChessBase"]
[SourceQuality "1"]
[TimeControl "40/5400+30:900+30"]

1. d4 Nf6 2. c4 g6 3. Nc3 Bg7 4. e4 d6 5. Be2 O-O 6. Bg5 c5 7. d5 e6 8. Qd2 exd5 9. exd5 Re8 10. Nf3 Bg4 11. O-O Nbd7 12. Rae1 Qa5 13. Qf4 Bxf3 14. Bxf3 Rxe1 15. Rxe1 Ne8 16. Re7 Ne5 17. Be2 Qb4 18. Ne4 f5 19. Ng3 Qxb2 20. Bf1 Bf8 21. Re6 Ng7 22. Rf6 Re8 23. Bh6 Ng4 24. Rxf8+ Rxf8 25. Bxg7 Kxg7 26. h3 Qe5 27. Qg5 h6 28. Qc1 Nf6 29. Ne2 Re8 30. Nf4 Ne4 31. Ne6+ Kh7 32. Qa3 Rxe6 33. dxe6 Qxe6 34. Qxa7 Qe7 35. a4 Qd7 1/2-1/2

[Event "Romanian-ch Open 2022"]
[Site "Eforie Nord"]
[Date "2022.02.21"]
[Round "2.19"]
[White "Vajda, Albert"]
[Black "Prelipcean, Eric-Matei"]
[Result "1/2-1/2"]
[ECO "D01"]
[WhiteElo "2351"]
[BlackElo "1935"]
[Annotator "ChessBase"]
[PlyCount "57"]
[EventDate "2022.02.20"]
[EventType "swiss"]
[EventCountry "ROU"]
[SourceTitle "playchess.com"]
[Source "ChessBase"]
[SourceQuality "1"]
[TimeControl "40/5400+30:900+30"]

1. d4 Nf6 2. Nf3 g6 3. Nc3 d5 4. Bg5 Bg7 5. e3 O-O 6. Be2 Nbd7 7. O-O c6 8. h3 Re8 9. Bf4 h6 10. Qc1 Kh7 11. Bh2 Ne4 12. Nxe4 dxe4 13. Nd2 f5 14. a4 e5 15. c3 exd4 16. cxd4 a5 17. Nc4 Nb6 18. Ne5 Be6 19. Kh1 Nd5 20. f3 Rf8 21. Qd2 Bxe5 22. Bxe5 Qg5 23. f4 Qg3 24. Ra3 Rf7 25. Qe1 Qxe1 26. Rxe1 Rd7 27. Kg1 Kg8 28. Kf2 Kf7 29. Rc1 1/2-1/2

[Event "Romanian-ch Open 2022"]
[Site "Eforie Nord"]
[Date "2022.02.21"]
[Round "2.20"]
[White "Bonte, Andrei-Mihai"]
[Black "Capragiu, Matei-Stefan"]
[Result "1/2-1/2"]
[ECO "D02"]
[WhiteElo "2349"]
[BlackElo "1902"]
[Annotator "ChessBase"]
[PlyCount "60"]
[EventDate "2022.02.20"]
[EventType "swiss"]
[EventCountry "ROU"]
[SourceTitle "playchess.com"]
[Source "ChessBase"]
[SourceQuality "1"]
[TimeControl "40/5400+30:900+30"]

1. d4 Nf6 2. Nf3 g6 3. Nbd2 d5 4. e3 Bg7 5. Be2 O-O 6. b4 Nbd7 7. O-O c6 8. c4 Qc7 9. Bb2 dxc4 10. Nxc4 Nd5 11. Qb3 N5b6 12. Rfc1 Nxc4 13. Bxc4 e5 14. d5 Nb6 15. Be2 Bd7 16. b5 Rfd8 17. dxc6 bxc6 18. bxc6 Be6 19. Qc2 h6 20. e4 f5 21. a4 fxe4 22. Qxe4 Bf5 23. Bxe5 Bxe4 24. Bxc7 Rdc8 25. a5 Bxa1 26. axb6 axb6 27. Bc4+ Kg7 28. Be2 Kg8 29. Bxb6 Bxc6 30. Ne5 Be4 1/2-1/2

[Event "Romanian-ch Open 2022"]
[Site "Eforie Nord"]
[Date "2022.02.21"]
[Round "2.21"]
[White "Stepanencu, Nicodim-Cosmin"]
[Black "Tudor, Henry Edward"]
[Result "1-0"]
[ECO "A35"]
[WhiteElo "2334"]
[BlackElo "1879"]
[Annotator "ChessBase"]
[PlyCount "73"]
[EventDate "2022.02.20"]
[EventType "swiss"]
[EventCountry "ROU"]
[SourceTitle "playchess.com"]
[Source "ChessBase"]
[SourceQuality "1"]
[TimeControl "40/5400+30:900+30"]

1. c4 c5 2. Nf3 Nc6 3. Nc3 e6 4. g3 g6 5. d4 cxd4 6. Nxd4 a6 7. Nxc6 bxc6 8. Qd4 f6 9. f4 Bb7 10. e4 c5 11. Qd3 f5 12. Bg2 Nf6 13. O-O fxe4 14. Nxe4 Nxe4 15. Bxe4 Bxe4 16. Qxe4 Be7 17. Be3 O-O 18. Rad1 Qc7 19. Rf2 Rab8 20. Rfd2 Bf6 21. Rxd7 Qa5 22. Qxe6+ Kh8 23. b3 Rbe8 24. Qd6 Qxa2 25. Bxc5 Qxb3 26. Qd3 Qxd3 27. R1xd3 Re1+ 28. Kf2 Rfe8 29. Be3 Rh1 30. Kg2 Re1 31. Bf2 Rc1 32. c5 Rc2 33. Kf3 Ree2 34. Be3 Kg8 35. R3d6 Re1 36. Rxf6 Rc3 37. Re6 1-0

[Event "Romanian-ch Open 2022"]
[Site "Eforie Nord"]
[Date "2022.02.21"]
[Round "2.22"]
[White "Negrean, Andrei"]
[Black "Daianu, Cristian-Clement"]
[Result "1/2-1/2"]
[ECO "D78"]
[WhiteElo "1941"]
[BlackElo "2171"]
[Annotator "NA"]
[PlyCount "98"]
[EventDate "2022.02.20"]
[EventType "swiss"]
[EventCountry "ROU"]
[SourceTitle "playchess.com"]
[Source "ChessBase"]
[SourceQuality "1"]
[TimeControl "40/5400+30:900+30"]

1. d4 Nf6 2. Nf3 g6 3. g3 Bg7 4. Bg2 d5 5. O-O c6 6. b3 O-O 7. c4 Ne4 8. Bb2 a5 9. Nc3 Bf5 10. e3 a4 (10... Nxc3 $11 11. Bxc3 Be4) 11. Nxe4 ({White should play} 11. Nxa4 $16 Nd7 12. cxd5 cxd5 13. Nd2) 11... Bxe4 12. Qe2 Qb6 13. c5 Qa6 14. Qd2 Nd7 15. Rfc1 b5 16. Ne5 Nxe5 17. dxe5 Bxg2 18. Kxg2 Qc8 19. Bd4 Qe6 20. Qc3 f6 21. exf6 Bxf6 22. Qd3 Qg4 23. h3 Qh5 24. Bxf6 Rxf6 25. e4 Raf8 26. Rc2 Rf3 27. Qe2 Qe5 28. Re1 axb3 29. axb3 Rxb3 30. exd5 Qxd5+ 31. Qe4 e6 32. Kg1 Rf6 33. Qe5 Kg7 (33... Rbf3 $17 34. h4 Qxe5 35. Rxe5 R3f5) 34. Qc7+ Rf7 35. Qd6 Rd3 36. Qxe6 Rd1 37. Qe2 Rxe1+ 38. Qxe1 Qd4 39. Qc3 Rd7 40. Kf1 Qxc3 41. Rxc3 Rd2 42. Kg2 Kf6 43. Kf3 $19 Ke5 44. Ke3 Ra2 45. Rd3 g5 46. Rd6 Ra3+ 47. Ke2 Ra2+ 48. Ke3 Ra3+ 49. Ke2 Ra2+ 1/2-1/2

[Event "Romanian-ch Open 2022"]
[Site "Eforie Nord"]
[Date "2022.02.21"]
[Round "2.23"]
[White "Coca, Cristi-Iulian"]
[Black "Radu, David Cr."]
[Result "1-0"]
[ECO "A06"]
[WhiteElo "2147"]
[BlackElo "1960"]
[Annotator "ChessBase"]
[PlyCount "149"]
[EventDate "2022.02.20"]
[EventType "swiss"]
[EventCountry "ROU"]
[SourceTitle "playchess.com"]
[Source "ChessBase"]
[SourceQuality "1"]
[TimeControl "40/5400+30:900+30"]

1. b3 d5 2. Nf3 Nf6 3. Bb2 e6 4. g3 Be7 5. Bg2 O-O 6. O-O c5 7. d3 Nc6 8. Nbd2 d4 9. e4 e5 10. a4 Qc7 11. Nc4 b6 12. Bc1 Bb7 13. Nh4 g6 14. f4 a6 15. fxe5 Nd7 16. Bh6 Ndxe5 17. Bxf8 Rxf8 18. Nf3 Bc8 19. Nfxe5 Nxe5 20. Qd2 f6 21. Nxe5 Qxe5 22. Qh6 Be6 23. Bh3 Bf7 24. Qf4 Kg7 25. Rf3 Rd8 26. Raf1 Bg8 27. Qg4 Kh8 28. Qh4 Kg7 29. Qf4 a5 30. Qd2 Rf8 31. Bd7 Rd8 32. Bb5 Be6 33. Qf4 Rf8 34. Bc4 Bxc4 35. bxc4 Bd6 36. Qg4 h5 37. Qd7+ Rf7 38. Qc6 Bc7 39. Rxf6 Rxf6 40. Rxf6 Qxf6 41. Qxc7+ Kg8 42. Kg2 h4 43. Qf4 Qc6 44. Kh3 Qxa4 45. Kxh4 Qc6 46. Kg5 Kg7 47. Qe5+ Kf7 48. Qh8 a4 49. Qh7+ Ke6 50. Qxg6+ Kd7 51. Qf7+ Kc8 52. h4 a3 53. Qa7 Qd6 54. Qa6+ Kb8 55. Qxa3 Qxg3+ 56. Kf5 Qf3+ 57. Ke5 Qh5+ 58. Kd6 Qg6+ 59. Kd5 Kb7 60. Qc1 Qf7+ 61. Ke5 Qe7+ 62. Kf5 Qxh4 63. Qf4 Qh3+ 64. Kf6 Qh8+ 65. Ke7 Qg7+ 66. Qf7 Qe5+ 67. Kd8+ Ka6 68. Qc7 Qh8+ 69. Kd7 Qh3+ 70. Kd6 Qh6+ 71. Kd5 Qg5+ 72. e5 Ka5 73. Qa7+ Kb4 74. Qxb6+ Kc3 75. Qxc5 1-0

[Event "Romanian-ch Open 2022"]
[Site "Eforie Nord"]
[Date "2022.02.21"]
[Round "2.24"]
[White "Creanga, Robert-Ionut"]
[Black "Ciobanu, Bogdan"]
[Result "1-0"]
[ECO "D36"]
[WhiteElo "2115"]
[BlackElo "1933"]
[Annotator "ChessBase"]
[PlyCount "69"]
[EventDate "2022.02.20"]
[EventType "swiss"]
[EventCountry "ROU"]
[SourceTitle "playchess.com"]
[Source "ChessBase"]
[SourceQuality "1"]
[TimeControl "40/5400+30:900+30"]

1. d4 Nf6 2. c4 e6 3. Nc3 d5 4. cxd5 exd5 5. Bg5 Be7 6. e3 c6 7. Bd3 Nbd7 8. h3 O-O 9. Qc2 Re8 10. Nf3 Nf8 11. O-O Ne4 12. Bf4 Nxc3 13. bxc3 Be6 14. a4 Bd6 15. Bxd6 Qxd6 16. Rfc1 Rac8 17. a5 c5 18. Qb2 c4 19. Bb1 Rc7 20. Re1 Nd7 21. e4 dxe4 22. Bxe4 Rb8 23. Ng5 Nf6 24. Nxe6 fxe6 25. Bf3 g6 26. Qb5 Kf7 27. Re5 Nd7 28. Re3 a6 29. Qg5 b5 30. Bg4 Nf8 31. Rae1 Re8 32. d5 Rce7 33. dxe6+ Nxe6 34. Rf3+ Kg8 35. Qf6 1-0

[Event "Romanian-ch Open 2022"]
[Site "Eforie Nord"]
[Date "2022.02.21"]
[Round "2.25"]
[White "Dragomirescu, Calin"]
[Black "Mazilu, Stefan-Fabian"]
[Result "0-1"]
[ECO "E05"]
[WhiteElo "2092"]
[BlackElo "1886"]
[Annotator "ChessBase"]
[PlyCount "56"]
[EventDate "2022.02.20"]
[EventType "swiss"]
[EventCountry "ROU"]
[SourceTitle "playchess.com"]
[Source "ChessBase"]
[SourceQuality "1"]
[TimeControl "40/5400+30:900+30"]

1. c4 Nf6 2. Nf3 e6 3. g3 d5 4. Bg2 Be7 5. O-O O-O 6. d4 dxc4 7. Ne5 Nc6 8. Nxc6 bxc6 9. Na3 Bxa3 10. bxa3 Ba6 11. Qd2 Rb8 12. Qa5 Rb6 13. Bg5 h6 14. Bxf6 Qxf6 15. e3 Rfb8 16. Rfc1 Rb2 17. f4 R8b6 18. Qc3 Qg6 19. e4 Qh5 20. Rc2 Rb1+ 21. Rxb1 Rxb1+ 22. Rc1 Rxc1+ 23. Qxc1 Qe2 24. f5 exf5 25. exf5 Qd3 26. Qf4 c3 27. Be4 Qd1+ 28. Kf2 Qf1+ 0-1

[Event "Romanian-ch Open 2022"]
[Site "Eforie Nord"]
[Date "2022.02.21"]
[Round "2.26"]
[White "Sachilaru, Alexandru"]
[Black "Butolo, Alexandru-Mircea"]
[Result "1/2-1/2"]
[ECO "E01"]
[WhiteElo "2085"]
[BlackElo "1850"]
[Annotator "ChessBase"]
[PlyCount "75"]
[EventDate "2022.02.20"]
[EventType "swiss"]
[EventCountry "ROU"]
[SourceTitle "playchess.com"]
[Source "ChessBase"]
[SourceQuality "1"]
[TimeControl "40/5400+30:900+30"]

1. d4 Nf6 2. c4 e6 3. Nf3 d5 4. g3 c6 5. Bg2 Bd6 6. Nc3 Nbd7 7. O-O dxc4 8. e4 e5 9. Qe2 O-O 10. Qxc4 Qc7 11. Bg5 b5 12. Qe2 b4 13. dxe5 Bxe5 14. Nd1 a5 15. Nxe5 Qxe5 16. Bf4 Qe6 17. Qc2 Ba6 18. Re1 Ne5 19. Bxe5 Qxe5 20. Ne3 Rfd8 21. Rad1 Bb5 22. f4 Qe6 23. b3 h6 24. e5 Nd5 25. Nxd5 cxd5 26. Qc5 Qc6 27. Rxd5 Rxd5 28. Qxd5 Qb6+ 29. Kh1 Rd8 30. Qf3 Qd4 31. Qb7 Qf2 32. Rg1 Be2 33. Qc7 Rd2 34. Qc8+ Kh7 35. Qf5+ Kg8 36. Qc8+ Kh7 37. Qf5+ Kg8 38. Qc8+ 1/2-1/2

[Event "Romanian-ch Open 2022"]
[Site "Eforie Nord"]
[Date "2022.02.21"]
[Round "2.27"]
[White "Tamas, Christian-Arrydan"]
[Black "Popescu, Daniel-Vasilica"]
[Result "1-0"]
[ECO "A43"]
[WhiteElo "1833"]
[BlackElo "2064"]
[Annotator "ChessBase"]
[PlyCount "101"]
[EventDate "2022.02.20"]
[EventType "swiss"]
[EventCountry "ROU"]
[SourceTitle "playchess.com"]
[Source "ChessBase"]
[SourceQuality "1"]
[TimeControl "40/5400+30:900+30"]

1. d4 Nf6 2. Nf3 c5 3. d5 e6 4. Nc3 exd5 5. Nxd5 Nxd5 6. Qxd5 Nc6 7. e4 Be7 8. Bc4 O-O 9. O-O d6 10. c3 Be6 11. Qd3 a6 12. a4 Na5 13. Bd5 c4 14. Qd1 Nb3 15. Ra3 Nxc1 16. Qxc1 Bxd5 17. exd5 Bf6 18. Qf4 Rc8 19. a5 Rc5 20. Rd1 Re8 21. Ra4 Re2 22. Rb4 Qc7 23. Qg4 Re7 24. Nd2 Rxd5 25. Rxc4 Rc5 26. Rxc5 dxc5 27. Ne4 Be5 28. f4 Bxf4 29. Qxf4 Qc8 30. Nd6 Qd8 31. Rf1 Qc7 32. Nf5 Re5 33. Qg3 f6 34. Nh6+ Kf8 35. Ng4 Re7 36. Qxc7 Rxc7 37. Rd1 Ke7 38. Ne3 Ke6 39. Kf2 f5 40. Nc4 Rc6 41. Re1+ Kf6 42. Re8 Rc7 43. Rd8 f4 44. Rf8+ Kg5 45. Ne5 c4 46. Nf3+ Kg6 47. Rxf4 Rc5 48. Rxc4 Rxa5 49. b4 Ra2+ 50. Kg3 a5 51. Rc7 1-0

[Event "Romanian-ch Open 2022"]
[Site "Eforie Nord"]
[Date "2022.02.21"]
[Round "2.28"]
[White "Ignat, Matei-Marius"]
[Black "Pirvulescu, Adrian"]
[Result "1-0"]
[ECO "B04"]
[WhiteElo "2053"]
[BlackElo "1843"]
[Annotator "ChessBase"]
[PlyCount "63"]
[EventDate "2022.02.20"]
[EventType "swiss"]
[EventCountry "ROU"]
[SourceTitle "playchess.com"]
[Source "ChessBase"]
[SourceQuality "1"]
[TimeControl "40/5400+30:900+30"]

1. e4 Nf6 2. e5 Nd5 3. d4 d6 4. Nf3 Nb6 5. Be2 g6 6. O-O Bg7 7. c4 O-O 8. h3 Bf5 9. b3 Nc6 10. exd6 cxd6 11. Bb2 Bxb1 12. Rxb1 d5 13. c5 Nc8 14. Qd2 e6 15. b4 a6 16. a4 N8e7 17. b5 axb5 18. axb5 Na5 19. Qb4 Nf5 20. Ra1 b6 21. Ra2 Nc6 22. Rxa8 Nxb4 23. Rxd8 Rxd8 24. cxb6 Nc2 25. Rc1 Ncxd4 26. Nxd4 Nxd4 27. Bxd4 Bxd4 28. b7 Ba7 29. Rc8 Rf8 30. b6 Bb8 31. Bb5 f5 32. Be8 1-0

[Event "Romanian-ch Open 2022"]
[Site "Eforie Nord"]
[Date "2022.02.21"]
[Round "2.30"]
[White "Veress, Armand"]
[Black "Visanescu, Dragos-Nicholas"]
[Result "1-0"]
[ECO "D00"]
[WhiteElo "2034"]
[BlackElo "1781"]
[Annotator "ChessBase"]
[PlyCount "75"]
[EventDate "2022.02.20"]
[EventType "swiss"]
[EventCountry "ROU"]
[SourceTitle "playchess.com"]
[Source "ChessBase"]
[SourceQuality "1"]
[TimeControl "40/5400+30:900+30"]

1. d4 d5 2. Bg5 h6 3. Bh4 c6 4. Nf3 Qb6 5. b3 Bf5 6. e3 e6 7. Bd3 Bxd3 8. Qxd3 Ne7 9. Bg3 Nf5 10. O-O Nxg3 11. hxg3 Nd7 12. c4 Be7 13. Nc3 O-O 14. c5 Qc7 15. b4 e5 16. Qf5 Bf6 17. Rab1 a5 18. Na4 e4 19. Nd2 b5 20. cxb6 Nxb6 21. Nxb6 Qxb6 22. b5 c5 23. dxc5 Qxc5 24. Nxe4 Qe7 25. Nxf6+ Qxf6 26. Qxf6 gxf6 27. Rfd1 Rfd8 28. Rbc1 Ra7 29. Rd4 Re7 30. Rc6 Re6 31. Rc7 Re4 32. Ra7 Rxd4 33. exd4 Rb8 34. Rxa5 Kf8 35. a4 Ke7 36. Ra7+ Ke6 37. g4 f5 38. Ra6+ 1-0

[Event "Romanian-ch Open 2022"]
[Site "Eforie Nord"]
[Date "2022.02.22"]
[Round "3.12"]
[White "Creanga, Robert-Ionut"]
[Black "Anton, Teodor"]
[Result "1-0"]
[ECO "E32"]
[WhiteElo "2115"]
[BlackElo "2457"]
[Annotator "RC"]
[PlyCount "53"]
[EventDate "2022.02.20"]
[EventType "swiss"]
[EventCountry "ROU"]
[SourceTitle "playchess.com"]
[Source "ChessBase"]
[SourceQuality "1"]
[TimeControl "40/5400+30:900+30"]

1. d4 Nf6 2. c4 e6 3. Nc3 Bb4 4. Qc2 b6 5. e4 Bb7 6. Bd3 Bxc3+ 7. bxc3 d6 8. Ne2 Nbd7 9. O-O e5 10. f4 Qe7 11. Ng3 O-O-O 12. fxe5 dxe5 13. Nf5 Qf8 14. c5 bxc5 15. Ba3 g6 16. Ne3 Qh6 17. Bc1 Qh5 18. d5 Ne8 19. Nc4 Nd6 20. Nxd6+ cxd6 21. Rb1 Nb6 22. a4 Kc7 23. a5 Nd7 24. Rxb7+ Kxb7 25. Qa4 Nb8 26. Rxf7+ Ka8 27. Ba6 1-0

[Event "Romanian-ch Open 2022"]
[Site "Eforie Nord"]
[Date "2022.02.22"]
[Round "3.21"]
[White "Rosu, Adrian Haralambie"]
[Black "Voiteanu, Gabriel"]
[Result "0-1"]
[ECO "C45"]
[WhiteElo "1550"]
[BlackElo "2207"]
[Annotator "RC"]
[PlyCount "38"]
[EventDate "2022.02.20"]
[EventType "swiss"]
[EventCountry "ROU"]
[SourceTitle "playchess.com"]
[Source "ChessBase"]
[SourceQuality "1"]
[TimeControl "40/5400+30:900+30"]

1. e4 e5 2. Nf3 Nc6 3. d4 exd4 4. Nxd4 Nf6 5. Nxc6 bxc6 6. e5 Qe7 7. Qe2 Nd5 8. c4 Nb6 9. Nc3 Qe6 10. Qe4 d5 11. exd6 Bxd6 12. Be2 Bb4 13. Bd2 Bxc3 14. Qxe6+ Bxe6 15. Bxc3 Bxc4 16. Bxg7 Rg8 17. Bxc4 Nxc4 18. Rc1 O-O-O 19. Rxc4 Rge8+ 0-1

[Event "Romanian-ch Open 2022"]
[Site "Eforie Nord"]
[Date "2022.02.22"]
[Round "4.7"]
[White "Nevednichy, Vladislav"]
[Black "Magold, Filip"]
[Result "1-0"]
[ECO "B90"]
[WhiteElo "2498"]
[BlackElo "2204"]
[Annotator "ChessBase"]
[PlyCount "87"]
[EventDate "2022.02.20"]
[EventType "swiss"]
[EventCountry "ROU"]
[SourceTitle "playchess.com"]
[Source "ChessBase"]
[SourceQuality "1"]
[TimeControl "40/5400+30:900+30"]

1. e4 c5 2. Nf3 d6 3. d4 cxd4 4. Nxd4 Nf6 5. Nc3 a6 6. a4 g6 7. Be2 Bg7 8. O-O O-O 9. Be3 Nbd7 10. a5 Qc7 11. f3 e6 12. Qd2 h5 13. Rfd1 Re8 14. Nb3 d5 15. exd5 exd5 16. Bf4 Ne5 17. Na4 Bf5 18. Nd4 Bd7 19. Nb6 Rad8 20. Rac1 Qc5 21. b4 Qe7 22. Bg5 Bc8 23. Re1 Qd6 24. c3 Ned7 25. Na4 Kh7 26. Rcd1 Ne5 27. Nb6 Nc6 28. Bf4 Ne5 29. Bg5 Nc6 30. Nb3 Bf5 31. Bf4 Qf8 32. Bg5 Qd6 33. g3 d4 34. Nxd4 Nxd4 35. cxd4 Nd5 36. Bxd8 Rxd8 37. Nxd5 Qxd5 38. Kg2 h4 39. Qf4 h3+ 40. Kf1 Bxd4 41. Rd2 Re8 42. Qxd4 Qb3 43. g4 Rxe2 44. Kxe2 1-0